 Dungeon Crawl Stone Soup version 0.31.0-11-ge490571c62 (webtiles) character file.

Game seed: 12067742450530943184

60 qw the Shooter (level 3, -3/18 HPs)
             Began as a Spriggan Hunter on Feb 3, 2024.
             Slain by a ribbon worm (7 damage)
             ... on level 3 of the Dungeon.
             The game lasted 00:00:04 (1276 turns).

qw the Shooter (Spriggan Hunter)                    Turns: 1276, Time: 00:00:04

Health: -3/18      AC:  2    Str:  4 (7)  XL:     3   Next: 82%
Magic:  4/4        EV: 19    Int:  9 (10) God:
Gold:   93         SH:  0    Dex: 18 (20) Spells: 2/2 levels left

rFire   . . .        a - +1 shortbow
rCold   . . .        (shield currently unavailable)
rNeg    . . .        c - +0 robe
rPois   .            (helmet restricted)
rElec   .            (no cloak)
rCorr   .            (gloves unavailable)
SInv    +            (boots unavailable)
Will    .....        (no amulet)
Stlth   ++           (no ring)
HPRegen 0.23/turn    (no ring)
MPRegen 0.09/turn

%: no passive effects
@: very quick
A: very small, no large weapons, unfitting armour, see invisible, speed 3
a: no special abilities


You were on level 3 of the Dungeon.
You visited 1 branch of the dungeon, and saw 3 of its levels.

You collected 93 gold pieces.


Innate Abilities, Weirdness & Mutations

You are very small and have problems with some larger weapons.
You are too small for most types of armour.
You have supernaturally acute eyesight. (SInv)
You cover ground extremely quickly. (Speed+++)


   Skills:
 + Level 1.5 Fighting
 - Level 5.0 Ranged Weapons
 - Level 4.0 Dodging
 - Level 1.5 Stealth


You had 2 spell levels left.
You didn't know any spells.
Your spell library was empty.

Inventory:

Hand Weapons
 a - a +1 shortbow (weapon)
Armour
 c - a +0 robe (worn)
Potions
 e - a potion of might {unknown}
 f - a potion of berserk rage {unknown}

Dungeon Overview and Level Annotations

Branches:
Dungeon (3/15)

Altars:

Shops:
D:1 *([[(

Annotations:
D:1 2 transporters


Message History

The stream of webbing hits you but does no damage.
You are caught in a web!
The ribbon worm bites you but does no damage.
You shoot an arrow.
The arrow barely misses the ribbon worm.
The ribbon worm closely misses you.
You shoot an arrow.
The arrow hits the ribbon worm but does no damage.
The ribbon worm is lightly wounded.
The ribbon worm completely misses you.
You shoot an arrow. The arrow hits the ribbon worm!
The ribbon worm is heavily wounded.
The ribbon worm bites you.
You shoot an arrow.
The arrow barely misses the ribbon worm.
The ribbon worm bites you.
You shoot an arrow. The arrow hits the ribbon worm.
The ribbon worm is heavily wounded.
You shoot an arrow. The arrow hits the ribbon worm.
The ribbon worm is severely wounded.
The ribbon worm expels a string of sticky webbing.
The stream of webbing hits you but does no damage.
You are caught in a web!
The ribbon worm bites you!
You shoot an arrow. The arrow hits the ribbon worm.
The ribbon worm is almost dead.
The ribbon worm closely misses you.
You shoot an arrow.
The arrow barely misses the ribbon worm.
The ribbon worm expels a string of sticky webbing.
The stream of webbing hits you but does no damage.
You are caught in a web!
The ribbon worm bites you.
You shoot an arrow. The arrow hits the ribbon worm.
The ribbon worm is almost dead.
The ribbon worm bites you.
You shoot an arrow.
The arrow barely misses the ribbon worm.
The ribbon worm bites you!
You die...

#. #. . #.
. #. #.#.
#.#. ##
...#. #
...#.#w.#.#
.......@.#
...#.#....#
#.#.## #.
.. ## ...
####


You could see a ribbon worm (catching breath).

Vanquished Creatures
  2 adders (D:2)
  A dart slug (D:1)
  A ribbon worm (D:2)
  A bat (D:2)
  4 endoplasms
  3 giant cockroaches
  2 goblins (D:1)
  2 hobgoblins (D:1)
  4 jackals (D:1)
  7 ball pythons
  2 frilled lizards (D:2)
  3 kobolds
  4 rats
36 creatures vanquished.

Notes
Turn   | Place    | Note
-------+----------+-------------------------------------------
     0 | D:1      | qw the Spriggan Hunter began the quest for the Orb.
     0 | D:1      | Reached XP level 1. HP: 10/10 MP: 2/2
     0 | D:1      | 0 ||| qw: Version: 0.3-a-158-g18b3111
     0 | D:1      | 0 ||| qw: Game counter: 4090
     0 | D:1      | 0 ||| qw: Melee chars always use a shield: true
     0 | D:1      | 0 ||| qw: God list: Okawaru
     0 | D:1      | 0 ||| qw: Allow faded altars: false
     0 | D:1      | 0 ||| qw: Do Orc after clearing Dungeon:15 true
     0 | D:1      | 0 ||| qw: Do second Lair branch before Depths: true
     0 | D:1      | 0 ||| qw: Lair rune preference: random
     0 | D:1      | 0 ||| qw: Goals: Normal
     0 | D:1      | 0 ||| PLANNING D:1-11
    58 | D:1      | Reached skill level 3 in Dodging
    59 | D:1      | Found Moerch's Armour Shoppe.
    68 | D:1      | 68 ||| SHOPLISTING +2 robe of cold resistance (177 gold,
                  | have 0).
    97 | D:1      | Found Caup's Weapon Boutique.
   104 | D:1      | 104 ||| SHOPLISTING +7 orcbow (486 gold, have 9).
   178 | D:1      | Found Allucaex's General Store.
   192 | D:1      | Reached XP level 2. HP: 14/14 MP: 3/3
   192 | D:1      | 192 ||| SHOPLISTING +0 cloak of Makhleb's Displeasure {rC+
                  | Dex+3} (272 gold, have 10).
   192 | D:1      | 192 ||| SHOPLISTING potion of heal wounds (55 gold, have
                  | 10).
   192 | D:1      | 192 ||| SHOPLISTING potion of resistance (110 gold, have
                  | 10).
   215 | D:1      | Found Rihabid's Antique Weapon Shop.
   350 | D:1      | Found a transporter.
   353 | D:1      | Found Rourosch's Antique Armour Shop.
   407 | D:1      | Found a transporter.
   540 | D:1      | 540 ||| READING scroll labelled LOUBISAONAT.
   540 | D:1      | 540 ||| ENCHANTING +0 shortbow.
   541 | D:1      | 541 ||| DROPPING scroll of butterflies.
   665 | D:2      | Reached XP level 3. HP: 18/18 MP: 4/4
  1119 | D:2      | Reached skill level 5 in Ranged Weapons
  1217 | D:2      | 1217 ||| READING scroll labelled OQURHE FEIDU.
  1218 | D:2      | 1218 ||| DRINKING 2 murky blue potions.
  1219 | D:2      | 1219 ||| DROPPING potion of degeneration.
  1275 | D:3      | HP: 4/18 [ribbon worm (3)]
  1276 | D:3      | Slain by a ribbon worm

Levels and vault maps discovered:
D:1:      tekkud_arrival_beachfront_property, layout_basic, serial_shops,
          nicolae_shop_bloodbath_and_beyond, nicolae_shop_rolling_square, shop,
          shop, nicolae_shop_drivethru
D:2:      layout_basic
D:3:      layout_loops_ring, old_standard_altar, solitary_fountain,
          minivault_26, chequers_serial_rivers_micro_c,
          minmay_misc_feat_encased, chequers_serial_rivers_micro_e, uniq_sigmund

Skill      XL: |  1  2  3 |
---------------+----------+-----
Dodging        | 3 4 |  4.0
Ranged Weapons | 5 |  5.0
Fighting       | |  1.5
Stealth        | |  1.5

Action                     || total
---------------------------++-------
   Fire: Shortbow          ||   104
    Use: Scroll            ||     2
         Potion            ||     1
 Armour: Robe              ||    11
  Dodge: Dodged            ||    20

Table legend:
 A = Non-vault XP
 B = Vault XP
 C = Vault XP percentage of total XP
 D = Non-vault monster count
 E = Vault monster count
 F = Vault count percentage of total count
                 A         B        C        D         E       F
            +---------+---------+-------+---------+---------+-------
      Total |      87 |       0 |   0.0 |      36 |       0 |   0.0
            +---------+---------+-------+---------+---------+-------
        D:1 |      29 |       0 |   0.0 |      16 |       0 |   0.0
        D:2 |      58 |       0 |   0.0 |      20 |       0 |   0.0
            +---------+---------+-------+---------+---------+-------
